 Dungeon Crawl Stone Soup version 0.30.1-3-gfc49f6343a (webtiles) character file.

Game seed: 9292222344471427722

2461 Anriel the Cudgeller (level 9, -2/68 HPs)
             Began as a Human Fighter on Aug 1, 2023.
             Was a Believer of Okawaru.
             Slain by an orc warrior
             ... wielding a +0 long sword
              (12 damage)
             ... on level 7 of the Dungeon.
             The game lasted 00:34:38 (6391 turns).

Anriel the Cudgeller (Human Fighter)                Turns: 6391, Time: 00:34:39

Health: -2/68      AC: 14    Str: 18    XL:     9   Next: 79%
Magic:  12/12      EV:  8    Int:  9    God:    Okawaru [**....]
Gold:   245        SH:  5    Dex: 13    Spells: 8/8 levels left

rFire   + . .        a - +1 flail
rCold   . . .        c - +0 buckler
rNeg    . . .        l - +0 chain mail
rPois   .            (no helmet)
rElec   .            f - +0 cloak
rCorr   +            j - +0 pair of gloves
SInv    .            (no boots)
Will    .....        (no amulet) Stlth
                     b - ring of resist corrosion
HPRegen 0.31/turn    (no ring)
MPRegen 0.13/turn

%: no passive effects
@: no status effects
A: iridescent scales 1, fire resistance 1, weak 1
a: Renounce Religion, Heroism


You were on level 7 of the Dungeon.
You worshipped Okawaru.
Okawaru was pleased with you.
You visited 2 branches of the dungeon, and saw 8 of its levels.
You also visited: Sewer and Ossuary.

You collected 380 gold pieces.
You spent 135 gold pieces at shops.

Inventory:

Hand Weapons
 a - a +1 flail (weapon)
Missiles
 e - 5 javelins
 g - 2 throwing nets
 m - 5 boomerangs (quivered)
Armour
 c - a +0 buckler (worn)
 f - a +0 cloak (worn)
 j - a +0 pair of gloves (worn)
 l - a +0 chain mail (worn)
Jewellery
 b - a ring of resist corrosion (left hand)
 q - a ring of magical power
Wands
 p - a wand of roots (6)
Scrolls
 i - 3 scrolls of teleportation
 o - a scroll of blinking
 v - a scroll of fog
 w - a scroll of identify
Potions
 d - a potion of heal wounds
 h - a potion of mutation
 k - 2 potions of curing
 n - a potion of magic
 r - 2 potions of haste
 s - a potion of flight
 t - a potion of cancellation
 u - a potion of brilliance {unknown}


   Skills:
 - Level 5.0 Fighting
 - Level 5.0 Maces & Flails
 * Level 5.0 Throwing
 - Level 5.0 Armour
 + Level 3.8 Dodging
 - Level 5.0 Shields
 - Level 5.0 Invocations
 + Level 4.0 Evocations


You had 8 spell levels left.
You didn't know any spells.
Your spell library contained the following spells:

 Spells                   Type           Power      Damage    Failure   Level
 Apportation              Tloc           0%         N/A       99%         1
 Necrotise                Necr           0%         1d4       99%         1
 Ensorcelled Hibernation  Hex/Ice        0%         N/A       100%        2
 Sublimation of Blood     Necr           0%         N/A       100%        2
 Wereblood                Tmut           0%         N/A       100%        2
 Spider Form              Tmut/Pois      0%         N/A       100%        3
 Anguish                  Hex/Necr       0%         N/A       100%        4
 Petrify                  Tmut/Erth      0%         N/A       100%        4
 Irradiate                Conj/Tmut      0%         3d11      100%        5
 Eringya's Noxious Bog    Tmut/Pois      0%         N/A       100%        6
 Summon Small Mammal      Summ           Unusable   N/A       N/A         1
 Summon Forest            Summ/Tloc      Unusable   N/A       N/A         5
 Summon Hydra             Summ           Unusable   N/A       N/A         7

Dungeon Overview and Level Annotations

Branches:
Dungeon (7/15)             Temple (1/1) D:4           Sewer (visited)
Ossuary (visited)

Altars:
Ashenzari
Cheibriados
Dithmenos
Elyvilon
Kikubaaqudgha
Nemelex Xobeh
Okawaru
Qazlal
Ru
Uskayaw
Vehumet
Xom
Yredelemnul
The Shining One

Shops:
D:2 [   D:5 ?


Innate Abilities, Weirdness & Mutations

You are partially covered in iridescent scales. (AC +2)
Your flesh is heat resistant. (rF+)
You are weak. (Str -2)


Message History

The orc warrior is heavily wounded.
Something hits you but does no damage.
The orc warrior hits you but does no damage.
The orc warrior hits you with a +0 long sword!
Something hits you but does no damage.
You closely miss the orc warrior.
The orc warrior is heavily wounded.
Something hits you.
The orc warrior hits you with a +0 long sword.
You sock the orc warrior!
The orc warrior is almost dead.
Something hits you.
The orc warrior hits you with a +0 long sword.
You barely miss the orc warrior.
The orc warrior is almost dead.
Something hits you but does no damage.
The orc warrior hits you but does no damage.
You closely miss the orc warrior.
The orc warrior is almost dead.
The orc warrior hits you with a +0 long sword.
Something hits you.
* * * LOW HITPOINT WARNING * * *
You closely miss the orc warrior.
The orc warrior is almost dead.
You hear some strange, mumbled words.
A magic dart appears from out of thin air!
The magic dart hits you but does no damage.
The orc warrior hits you but does no damage.
The orc warrior barely misses you. Something hits you.
* * * LOW HITPOINT WARNING * * *
You barely miss the orc warrior.
The orc warrior is almost dead.
The orc warrior hits you with a +0 long sword!
* * * LOW HITPOINT WARNING * * *
Something hits you but does no damage.
Unknown command.
You hit the orc warrior but do no damage.
The orc warrior is almost dead.
The orc warrior hits you with a +0 long sword!
You die...

######........
.............
#............
#............
#####....).......
#................
#................
###........@o#########
............{).).?....
...##...####)........
#...# #......... #...#
#......... #...#
#......... #...#
#......... #...#
#......... #...#
##########


You could see an orc warrior.

Vanquished Creatures
  Grinder (D:6)
  A sky beast (D:6)
  An ice beast (D:6)
  A centaur (D:5)
  2 ogres
  A phantom (D:6)
  7 elf zombies (Ossuary)
  3 bullfrogs
  A scorpion (D:6)
  A gnoll sergeant (D:4)
  A howler monkey (D:6)
  A centaur zombie (Ossuary)
  3 orc priests
  5 hounds
  2 human zombies (Ossuary)
  A gnoll bouda (D:4)
  3 iguanas
  An orc wizard (D:5)
  A hound zombie (Ossuary)
  3 mummies (Ossuary)
  12 gnolls
  A river rat (D:4)
  15 adders
  4 ufetubi
  3 adder zombies (Ossuary)
  2 dart slugs
  12 orcs
  10 ball pythons
  10 endoplasms
  10 giant cockroaches
  8 goblins
  4 hobgoblins
  8 jackals
  11 quokkas
  3 bats
  13 frilled lizards
  3 goblin zombies (Ossuary)
  5 hobgoblin zombies (Ossuary)
  A jackal zombie (Ossuary)
  8 kobolds
  A kobold zombie (Ossuary)
  4 quokka zombies (Ossuary)
  6 rats
  4 rat zombies (Ossuary)
198 creatures vanquished.

Notes
Turn   | Place    | Note
-------+----------+-------------------------------------------
     0 | D:1      | Anriel the Human Fighter began the quest for the Orb.
     0 | D:1      | Reached XP level 1. HP: 18/18 MP: 1/1
    98 | D:1      | Found a faded altar of an unknown god.
   333 | D:1      | Reached XP level 2. HP: 24/24 MP: 2/2
   845 | D:2      | Reached XP level 3. HP: 29/29 MP: 3/3
   967 | D:2      | Found Muopt's Armour Shoppe.
   973 | D:2      | Bought a +0 cloak for 45 gold pieces
  1158 | D:2      | Reached XP level 4. HP: 33/35 MP: 4/4
  1619 | D:3      | Reached XP level 5. HP: 12/41 MP: 5/5
  2546 | D:4      | Reached XP level 6. HP: 42/48 MP: 6/6
  2563 | D:4      | Found a glowing drain.
  2567 | Sewer    | Entered a sewer
  2882 | Sewer    | Reached XP level 7. HP: 20/54 MP: 7/7
  3285 | D:4      | Reached skill level 5 in Maces & Flails
  3464 | D:4      | Found a staircase to the Ecumenical Temple.
  3485 | Temple   | Entered the Ecumenical Temple
  3512 | Temple   | Became a worshipper of Warmaster Okawaru
  3857 | D:5      | Entered Level 5 of the Dungeon
  3882 | D:4      | Reached skill level 5 in Fighting
  3903 | D:4      | Gained mutation: Your flesh is heat resistant. (rF+)
                  | [potion of mutation]
  3903 | D:4      | Gained mutation: You are partially covered in iridescent
                  | scales. (AC +2) [potion of mutation]
  3903 | D:4      | Gained mutation: You are weak. (Str -2) [potion of
                  | mutation]
  3914 | D:4      | Reached XP level 8. HP: 22/62 MP: 8/8
  4097 | D:5      | Reached skill level 1 in Throwing
  4097 | D:5      | Reached skill level 1 in Invocations
  4129 | D:5      | Found a sand-covered staircase.
  4134 | Ossuary  | Entered an ossuary
  4281 | Ossuary  | Reached skill level 5 in Shields
  4304 | Ossuary  | Reached skill level 5 in Armour
  4327 | Ossuary  | Reached skill level 1 in Evocations
  4418 | Ossuary  | Reached * piety under Okawaru
  4423 | Ossuary  | Reached skill level 1 in Dodging
  4704 | Ossuary  | Reached XP level 9. HP: 67/68 MP: 10/12
  4923 | D:5      | Reached ** piety under Okawaru
  4961 | D:5      | Found Uxtakey's Magic Scroll Boutique.
  4992 | D:5      | Bought a scroll of identify for 30 gold pieces
  4992 | D:5      | Bought a scroll of identify for 30 gold pieces
  4992 | D:5      | Bought a scroll of identify for 30 gold pieces
  5383 | D:6      | Reached skill level 5 in Invocations
  5628 | D:6      | Noticed Grinder
  5636 | D:6      | Killed Grinder
  6082 | D:6      | Reached *** piety under Okawaru
  6354 | D:6      | Reached skill level 5 in Throwing
  6391 | D:7      | Slain by an orc warrior

Illustrated notes

Levels and vault maps discovered:
D:1:      shiori_shiawase, layout_loops_ring, dreamdust_ecumenical_altar_statues
D:2:      minmay_spotlight, layout_basic, serial_shops,
          nicolae_shop_real_fake_doors
D:3:      layout_basic
D:4:      layout_rooms, minmay_temple_entry_ruins, gup_sewer_entry_bowl,
          kennysheep_small_circle
D:5:      layout_rooms, serial_shops, shop, enter_ossuary_2
D:6:      layout_layer_cave, grunt_decor_mini_mirrors, uniq_grinder
D:7:      layout_basic, kennysheep_mini, lemuel_blue_sif_altar
Temple:   minmay_temple_curvy_branch

Skill      XL: |  1  2  3  4  5  6  7  8  9 |
---------------+----------------------------+-----
Maces & Flails | 3 4 5 |  5.0
Fighting       | 4 5 |  5.0
Armour         | 4 5 |  5.0
Shields        | 4 5 |  5.0
Throwing       | 2 5 |  5.0
Invocations    | 4 5 |  5.0
Evocations     | 2 4 |  4.0
Dodging        | 2 3 |  3.8

Action                     |  1- 3 |  4- 6 |  7- 9 || total
---------------------------+-------+-------+-------++-------
  Melee: Flail             |    96 |   269 |   391 ||   756
  Throw: Boomerang         |       |       |   102 ||   102
         Throwing net      |       |       |     1 ||     1
  Evoke: Wand              |       |       |     2 ||     2
    Use: Scroll            |     4 |     1 |    14 ||    19
         Potion            |       |     2 |     9 ||    11
 Armour: Scale mail        |    44 |    26 |       ||    70
         Chain mail        |       |   166 |   222 ||   388
         Skin              |       |       |    11 ||    11
  Dodge: Dodged            |    48 |   112 |   131 ||   291
  Block: Buckler           |    12 |    79 |    93 ||   184
